 Dungeon Crawl Stone Soup version 0.22-b1-21-g5cfc168 (webtiles) character file.

96 letownia2 the Insei (level 4, -2/32 HPs)
             Began as a Demonspawn Transmuter on Aug 5, 2018.
             Killed by divine providence
             ... invoked by an orc priest
              (10 damage)
             ... on level 4 of the Dungeon.
             The game lasted 00:05:56 (1083 turns).

letownia2 the Insei (Demonspawn Transmuter)         Turns: 1083, Time: 00:05:56

Health: -2/32      AC:  2    Str: 12    XL:     4   Next: 41%
Magic:  0/7        EV: 19    Int: 14    God:
Gold:   70         SH:  0    Dex: 18    Spells: 1/7 levels left

rFire    . . .     SeeInvis .     - Unarmed
rCold    . . .     Gourm    .   (shield currently unavailable)
rNeg     . . .     Faith    .   (armour currently unavailable)
rPois    x         Spirit   +   (helmet currently unavailable)
rElec    .         Reflect  .   (cloak currently unavailable)
rCorr    .         Harm     .   (gloves currently unavailable)
MR       .....                  (boots currently unavailable)
Stlth    ++........             g - amulet of guardian spirit
HPRegen  0.10/turn              (no ring)
MPRegen  0.10/turn              (no ring)

@: lethally poisoned (-2 -> -34), spider-form
A: tiny, deterioration 1
a: End Transformation


You were on level 4 of the Dungeon.
You were not hungry.
You were a venomous arachnid creature.
You visited 1 branch of the dungeon, and saw 5 of its levels.

You collected 70 gold pieces.

Inventory:

Hand Weapons
 q - a +0 blowgun
Missiles
 a - 24 arrows
 m - 2 tomahawks (quivered)
 r - 18 poisoned needles
Armour
 b - a +0 robe
 c - a +0 leather armour (melded)
 l - a +0 helmet (melded)
Jewellery
 g - an amulet of guardian spirit (around neck)
Wands
 o - a wand of iceblast (5)
Scrolls
 e - a scroll of enchant weapon {unknown}
 f - 2 scrolls of remove curse {unknown}
 h - 4 scrolls of identify {unknown}
 i - 2 scrolls of fear {unknown}
 k - a scroll of immolation {unknown}
 n - a scroll of noise {unknown}
 p - a scroll of teleportation {unknown}
Potions
 s - a potion of curing {unknown}
 t - 2 potions of heal wounds {unknown}
 u - a potion of degeneration {unknown}
Comestibles
 d - 6 rations
 j - 2 chunks of flesh


   Skills:
 + Level 1.1 Fighting
 - Level 1.7 Dodging
 + Level 4.3 Unarmed Combat
 - Level 2.0 Spellcasting
 + Level 1.9 Transmutations
 + Level 1.6 Poison Magic


You had one spell level left.
You knew the following spells:

 Your Spells              Type           Power        Failure   Level  Hunger
a - Beastly Appendage     Tmut           #.....       26%         1    ##.....
l - Sticks to Snakes      Tmut           #.......     34%         2    ###....
p - Spider Form           Tmut/Pois      #.........   56%         3    ####...

Your spell library contained the following spells:

 Spells                   Type           Power        Failure   Level  Hunger
 Blade Hands              Tmut           #.........   99%         5    ######.
 Ice Form                 Ice/Tmut       #.......     95%         4    #####..


Dungeon Overview and Level Annotations

Branches:
Dungeon (5/15)
 Temple: D:4-7

Altars:
Nemelex Xobeh
Wu Jian


Innate Abilities, Weirdness & Mutations

((You are partially covered in molten scales. (AC +2)))
Your body sometimes deteriorates upon taking damage.


Message History

The orc priest shouts!
A giant cockroach comes into view.
An orc comes into view. It is wielding a club.
Something hits you but does no damage.
You are poisoned.
The adder moves out of view.
You see here an orc corpse.
You feel sick.
You feel sick.
You hear some strange, mumbled words.
A magic dart appears from out of thin air!
The magic dart hits you!
You feel sick. Something hits you.
There is a stone staircase leading down here.
You feel sick. Something hits you.
* * * LOW HITPOINT WARNING * * *
You are more poisoned.
The orc priest invokes the aid of Beogh against you.
Beogh smites you!
You die... ....os #..#. .so

#########S#
#.......#o#
#.#####.#.#
#.#
#.#.####.#.
#.#
###..........
#.#
#....s####.#.
#.# #.#####
##.# #. #..#
# #.## #.#
#.# #.####
#..<.#


You could see an orc priest, an adder, an orc and a giant cockroach.

Vanquished Creatures
  Robin (D:2)
  2 adders (D:2)
  A dart slug (D:3)
  2 worms (D:2)
  A leopard gecko (D:3)
  2 orcs
  12 bats
  A giant cockroach (D:2)
  10 goblins
  8 hobgoblins
  2 jackals (D:3)
  2 frilled lizards
  5 kobolds
  8 rats
57 creatures vanquished.

Notes
Turn   | Place    | Note
-------+----------+-------------------------------------------
     0 | D:1      | letownia2 the Demonspawn Transmuter began the quest for the Orb.
     0 | D:1      | Reached XP level 1. HP: 15/15 MP: 3/3
   126 | D:1      | Reached skill level 3 in Unarmed Combat
   201 | D:2      | Gained mutation: You are partially covered in molten scales. (AC +2) [demonic ancestry]
   201 | D:2      | Reached XP level 2. HP: 16/21 MP: 3/5
   224 | D:2      | Noticed Robin
   246 | D:2      | Learned a level 2 spell: Sticks to Snakes
   337 | D:2      | Reached XP level 3. HP: 23/26 MP: 2/6
   353 | D:2      | Learned a level 3 spell: Spider Form
   548 | D:2      | Found an ornate altar of the Wu Jian Council.
   626 | D:2      | Reached skill level 4 in Unarmed Combat
   660 | D:2      | Gained mutation: Your body sometimes deteriorates upon taking damage. [mutagenic glow]
   792 | D:2      | Reached skill level 1 in Poison Magic
   795 | D:2      | Killed Robin
   795 | D:2      | Reached XP level 4. HP: 18/32 MP: 1/7
   845 | D:3      | Found a sparkling altar of Nemelex Xobeh.
  1070 | D:5      | Entered Level 5 of the Dungeon
  1083 | D:4      | Killed from afar by an orc priest

Skill      XL: |  1  2  3 |
---------------+----------+-----
Unarmed Combat | 3 4 |  4.3
Poison Magic   | 1 |  1.6
Fighting       | |  1.1
Dodging        | |  1.7
Spellcasting   | |  2.0
Transmutations | |  1.9

Action                   |  1- 3 |  4- 6 || total
-------------------------+-------+-------++-------
Melee: Unarmed           |   114 |    41 ||   155
       Headbutt          |     5 |       ||     5
       Kick              |     5 |     3 ||     8
       Punch             |     3 |       ||     3
 Cast: Beastly Appendage |    12 |     2 ||    14
       Spider Form       |     3 |     3 ||     6
  Eat: Chunk             |       |     2 ||     2
Armor: Robe              |     4 |       ||     4
       Leather armour    |    22 |    11 ||    33
       Skin              |     1 |     1 ||     2
Dodge: Dodged            |    67 |    36 ||   103
